Map: [TLMC15] Hardwire

Players

Zest - Winner!

  • Race: Protoss Protoss

Scarlett

  • Race: Zerg Zerg

Event: DreamHack SC2 Masters 2021 Winter

VOD

Have the link to the VOD?

Description

Time

  • Played on: Nov. 13, 2021, 11:56 a.m.
  • Length: 10:19

All games in this series

Show
View Real Time Build Order
Export as new Build Order

Zest Protoss - Winner!

Build Orders: 1 Gate Expand, Archon Immortal, Archon Drop, Dark Templar Rush 

Get SALT Encoding   

  12  0:00  Probe  
  13  0:12  Probe  
  14  0:19  Pylon  
  14  0:25  Probe  
  15  0:37  Probe (Chrono Boost)  
  15  0:40  Gateway  
  16  0:47  Probe (Chrono Boost)  
  16  0:49  Assimilator  
  17  0:52  Probe (Chrono Boost)  
  18  1:04  Probe  
  19  1:16  Probe  
  20  1:25  Nexus  
  20  1:35  Cybernetics Core  
  20  1:37  Probe  
  21  1:43  Assimilator  
  21  1:49  Probe  
  21  1:52  Pylon  
  22  2:02  Probe (Chrono Boost)  
  23  2:08  Adept (Chrono Boost)  
  23  2:11  Warp Gate  
  23  2:13  Probe (Chrono Boost)  
  26  2:17  Probe (Chrono Boost)  
  26  2:22  Robotics Facility  
  27  2:29  Probe (Chrono Boost)  
  28  2:33  Stalker  
  30  2:37  Probe (Chrono Boost)  
  32  2:46  Probe (Chrono Boost)  
  32  2:47  Probe (Chrono Boost)  
  33  2:52  Probe x2 (Chrono Boost)  
  33  2:56  Twilight Council  
  35  3:03  Probe  
  35  3:04  Probe  
  37  3:06  Gateway  
  37  3:14  Warp Prism (Chrono Boost)  
  37  3:19  Probe  
  40  3:22  Probe  
  41  3:33  Dark Shrine  
  41  3:35  Probe x2  
  41  3:37  Pylon  
  43  3:47  Probe x2  
  45  3:53  Gateway x2  
  45  3:57  Assimilator  
  45  4:00  Assimilator, Probe x2  
  47  4:12  Pylon  
  47  4:13  Probe x2  
  49  4:20  Pylon  
  49  4:24  Stalker x2  
  53  4:25  Pylon  
  53  4:27  Forge  
  53  4:29  Probe  
  54  4:48  Dark Templar x4  
  62  4:58  Probe x2  
  64  5:10  Probe x2  
  64  5:17  Protoss Ground Weapons Level 1 (Chrono Boost)  
  64  5:22  Probe x2  
  66  5:30  Dark Templar x2  
  66  5:34  Probe, Archon x2  
  71  5:38  Immortal (Chrono Boost)  
  71  5:39  Nexus, Charge (Chrono Boost)  
  71  5:40  Pylon  
  73  6:07  Probe x2  
  73  6:08  Dark Templar  
  73  6:10  Immortal (Chrono Boost), Dark Templar  
  83  6:19  Probe  
  83  6:21  Gateway  
  83  6:23  Gateway  
  83  6:24  Gateway  
  83  6:25  Gateway  
  84  6:31  Sentry  
  86  6:34  Pylon  
  86  6:47  Probe x2  
  86  6:48  Immortal (Chrono Boost)  
  90  6:54  Dark Templar x2  
  90  6:56  Photon Cannon, Shield Battery  
  90  6:57  Probe  
  90  6:59  Zealot, Probe x2  
  99  7:02  Pylon  
  99  7:10  Protoss Ground Weapons Level 2 (Chrono Boost)  
  99  7:11  Archon  
  99  7:12  Sentry  
  99  7:14  Pylon  
  101  7:17  Zealot x2  
  101  7:20  Pylon  
  101  7:21  Observer (Chrono Boost)  
  101  7:22  Zealot x3  
  112  7:32  Zealot x2  
  116  7:39  Zealot x3  
  122  7:47  Sentry x2  
  122  7:50  Pylon, Sentry  
  128  7:52  Pylon  
  120  8:18  Immortal (Chrono Boost)  
  120  8:19  Zealot x8  
  87  8:41  Gateway, Zealot x5  
  87  8:42  Zealot x3, Gateway  
  103  8:48  Immortal (Chrono Boost)  
  105  9:03  Zealot x7  
  105  9:23  Immortal (Chrono Boost), Zealot x6  
  103  9:37  Dark Templar  
  103  9:46  Zealot x3  
  103  9:47  Zealot x5  
  113  10:09  Sentry x3  
  113  10:10  Stalker x4, Sentry  
Show
View Real Time Build Order
Export as new Build Order

Scarlett Zerg 

Build Orders: Hatch First 

Get SALT Encoding   

  12  0:00  Drone  
  13  0:12  Overlord  
  13  0:17  Drone  
  14  0:31  Drone x2  
  16  0:43  Drone  
  17  0:51  Hatchery  
  17  0:54  Drone  
  17  0:58  Drone  
  18  1:08  Extractor  
  17  1:13  Spawning Pool  
  17  1:15  Drone  
  17  1:18  Drone  
  18  1:28  Drone  
  19  1:39  Drone  
  20  1:49  Overlord  
  20  2:00  Queen  
  22  2:02  Queen  
  22  2:03  Drone, Zergling x2  
  26  2:11  Metabolic Boost, Drone  
  26  2:13  Drone  
  28  2:22  Zergling x2  
  29  2:31  Hatchery  
  28  2:38  Drone x3  
  28  2:43  Queen  
  33  2:48  Overlord  
  33  2:53  Drone  
  33  2:56  Drone x2  
  36  3:07  Overlord  
  36  3:10  Drone x4  
  40  3:14  Drone x2  
  40  3:19  Queen  
  44  3:26  Drone x3  
  47  3:31  Extractor  
  47  3:32  Roach Warren  
  45  3:37  Drone x2  
  47  3:43  Drone x2  
  49  3:52  Overlord  
  49  3:56  Overlord  
  49  3:59  Drone x5  
  54  4:03  Overlord  
  54  4:09  Queen  
  54  4:12  Lair  
  54  4:13  Zergling x4  
  54  4:15  Spore Crawler  
  57  4:19  Zergling x4  
  57  4:24  Spore Crawler  
  58  4:27  Drone x5  
  63  4:32  Drone x3  
  66  4:39  Drone x5  
  66  4:41  Extractor  
  66  4:43  Overlord  
  66  4:44  Extractor  
  69  4:50  Overlord  
  69  4:54  Drone x2, Overlord  
  69  4:56  Extractor  
  69  4:58  Drone x3  
  70  5:09  Overseer  
  70  5:11  Drone  
  70  5:12  Drone x8  
  72  5:19  Glial Reconstitution  
  72  5:31  Extractor  
  72  5:34  Drone  
  72  5:35  Drone x8, Evolution Chamber  
  79  5:37  Overlord  
  79  5:43  Roach  
  79  5:44  Roach  
  79  5:45  Spore Crawler  
  82  5:50  Roach  
  82  5:51  Roach  
  82  5:56  Overseer  
  83  5:59  Roach x5  
  88  6:08  Roach x2  
  88  6:21  Zerg Missile Weapons Level 1  
  88  6:22  Queen x3  
  89  6:33  Drone, Overlord x4  
  90  6:44  Overseer  
  84  6:48  Drone x4  
  84  6:53  Overlord  
  86  6:54  Drone x2  
  86  6:55  Drone x2  
  86  6:58  Roach x2  
  93  7:10  Roach x3  
  99  7:17  Roach x2  
  99  7:21  Roach  
  105  7:26  Roach  
  105  7:29  Overlord  
  107  7:32  Roach x7  
  107  7:34  Overlord x3  
  107  7:35  Overseer  
  121  7:38  Ravager  
  122  7:44  Overlord  
  122  7:48  Roach x2  
  122  7:50  Roach  
  122  7:51  Queen  
  128  7:54  Ravager x7  
  128  7:56  Roach x2  
  141  8:03  Roach x2  
  137  8:08  Roach x4  
  127  8:15  Roach  
  127  8:16  Roach x3  
  127  8:19  Roach  
  104  8:26  Roach x2  
  108  8:33  Roach x3  
  113  8:43  Roach x5  
  113  8:45  Overseer x2  
  113  8:48  Ravager x2  
  125  8:50  Roach x2  
  125  8:54  Roach  
  125  9:05  Roach x5  
  127  9:11  Roach  
  96  9:20  Roach x3  
  104  9:24  Roach x2  
  104  9:28  Roach x2  
  104  9:29  Zergling x2  
  104  9:30  Zergling x8  
  113  9:42  Roach x3  
  115  9:46  Roach  
  115  9:51  Roach  
  110  10:01  Ravager  

Tags
 
Add a new tag
Caveats
  • Supply blocks, unpowered buildings, or Contaminate may cause inaccurate times.
  • Supply counts are checked every 10 seconds.